 Dungeon Crawl Stone Soup version 0.31-a0-175-g9f7f995f2b (webtiles) character file.

Game seed: 2989897422786353992

589 qw the Shooter (level 7, -4/66 HPs)
             Began as a Naga Hunter on June 17, 2023.
             Slain by an orc priest
             ... wielding a +0 whip
              (5 damage)
             ... on level 5 of the Dungeon.
             The game lasted 00:01:17 (2960 turns).

qw the Shooter (Naga Hunter)                        Turns: 2960, Time: 00:01:18

Health: -4/66      AC:  0    Str: 14    XL:     7   Next: 38%
Magic:  7/7        EV:  9    Int:  9    God:
Gold:   241        SH:  0    Dex: 16    Spells: 6/6 levels left

rFire   . . .        Y - +0 arbalest (drain)
rCold   . . .        (shield currently unavailable)
rNeg    . . .        c - +0 leather armour
rPois   +            (no helmet)
rElec   .            e - +0 cloak
rCorr   .            (no gloves)
SInv    +            (no barding)
Will    .....        g - amulet of regeneration
Stlth   ++           (no ring)
HPRegen 1.11/turn    (no ring)
MPRegen 0.10/turn

%: no passive effects
@: about to teleport, corroded, very slow
A: AC +2, large, see invisible, deformed body, poison resistance, slowness 2,
spit poison 1, naga tail 1
a: Spit Poison


You were on level 5 of the Dungeon.
You visited 1 branch of the dungeon, and saw 5 of its levels.

You collected 241 gold pieces.


Innate Abilities, Weirdness & Mutations

Your serpentine skin is tough. (AC +2)
You have supernaturally acute eyesight. (SInv)
Armour fits poorly on your strangely shaped body.
Your system is resistant to poisons. (rPois)
You cover ground very slowly.
You can spit poison.
You have a snake-like lower body.


   Skills:
 - Level 4.6 Fighting
 + Level 6.9 Ranged Weapons
 - Level 1.5 Dodging
 - Level 1.5 Stealth


You had 6 spell levels left.
You didn't know any spells.
Your spell library was empty.

Inventory:

Hand Weapons
 Y - a +0 arbalest of draining (weapon)
Armour
 c - a +0 leather armour (worn)
 e - a +0 cloak (worn)
Jewellery
 g - an amulet of regeneration (around neck)
Scrolls
 d - 3 scrolls of identify
 j - a scroll of torment {unknown}
Potions
 a - a potion of mutation
 b - a potion of heal wounds {unknown}
 f - 2 potions of curing
 h - a potion of attraction {unknown}
 m - a potion of enlightenment

Dungeon Overview and Level Annotations

Branches:
Dungeon (5/15)
 Temple: D:4-7

Altars:
Cheibriados
Dithmenos
Elyvilon
Fedhas
Makhleb
Trog

Shops:
D:2 (   D:3 ([[=


Message History

You have got your breath back.
The orc priest mumbles some strange prayers to Beogh against you.
Pain shoots through your body! The orc hits you with a +0 hand axe.
2954 ||| INVOKING Spit Poison.
Aiming: Spit Poison (1% risk of failure)
Press: ? - help, Shift-Dir - straight line, f - orc The splash of poison hits the orc.
The orc is poisoned.
The orc is lightly wounded.
The orc priest calls upon Beogh to heal the orc.
The orc's wounds heal themselves!
The orc barely misses you.
You shoot a bolt. The bolt barely misses the orc.
The orc hits you with a +0 hand axe. x2; The orc priest hits you with a +0 whip.
The jelly barely misses you.
You shoot a bolt.
The bolt hits the orc priest but does no damage.
You have got your breath back.
The orc priest hits you with a +0 whip. The jelly hits you but does no damage.
The orc hits you but does no damage.
2957 ||| INVOKING Spit Poison.
Aiming: Spit Poison (1% risk of failure)
Press: ? - help, Shift-Dir - straight line, f - orc, p - orc priest The splash of poison hits the orc.
The orc looks even sicker.
You kill the orc!
The jelly barely misses you. The orc priest hits you with a +0 whip.
You shoot a bolt. The bolt hits the orc priest!
You drain the orc priest.
The orc priest is almost dead.
The jelly barely misses you.
The orc priest mumbles some strange prayers to Beogh against you.
Pain shoots through your body! The orc priest hits you with a +0 whip.
The jelly hits you.
You are splashed with acid!
2959 ||| READING scroll of teleportation.
As you read the scroll of teleportation, it crumbles to dust.
You feel strangely unstable. The jelly closely misses you.
The orc priest barely misses you.
You shoot a bolt.
The bolt completely misses the orc priest.
You have got your breath back.
The jelly hits you. The acid corrodes you!
You are splashed with acid!
The orc priest barely misses you. The orc priest hits you with a +0 whip.
You die...

#.................
#.............##.
#...........####.
###.....### #..
###....### #..
#....### #..
##...### ##..
##...## #..#
#.@J..# #..#
#..o)..# #..#
#......# ##.##
#.......# #..#
#.......# #..#
#.......# #.##
##......# ##.###
#......# ##..#..
###......


You could see a jelly and an orc priest (very drained).

Vanquished Creatures
  A black bear (D:4)
  2 scorpions
  A jelly (D:5)
  A hound (D:4)
  An orc priest (D:4)
  Natasha (twice) (D:2)
  Terence (D:3)
  3 gnolls (D:2)
  12 adders
  An ufetubus (D:4)
  A worm (D:2)
  5 orcs
  5 ball pythons
  6 endoplasms
  5 giant cockroaches
  4 hobgoblins
  5 jackals
  2 quokkas
  5 bats
  5 frilled lizards
  4 goblins
  5 kobolds
  7 rats
84 creatures vanquished.

Notes
Turn   | Place    | Note
-------+----------+-------------------------------------------
     0 | D:1      | qw the Naga Hunter began the quest for the Orb.
     0 | D:1      | Reached XP level 1. HP: 19/19 MP: 1/1
     0 | D:1      | 0 ||| qw: Version: 0.3-a-2-g5ab2908
     0 | D:1      | 0 ||| qw: Game counter: 209
     0 | D:1      | 0 ||| qw: Always use a shield: true
     0 | D:1      | 0 ||| qw: God list: Okawaru
     0 | D:1      | 0 ||| qw: Allow faded altars: false
     0 | D:1      | 0 ||| qw: Do Orc after D:15 true
     0 | D:1      | 0 ||| qw: Do second Lair branch before Depths: true
     0 | D:1      | 0 ||| qw: Lair rune preference: random
     0 | D:1      | 0 ||| qw: Plans: Normal
     0 | D:1      | 0 ||| PLANNING D:1-11
    27 | D:1      | 27 ||| INVOKING Spit Poison.
    32 | D:1      | 32 ||| INVOKING Spit Poison.
    86 | D:1      | 86 ||| INVOKING Spit Poison.
    87 | D:1      | Reached skill level 4 in Ranged Weapons
    87 | D:1      | Reached XP level 2. HP: 26/26 MP: 2/2
   116 | D:1      | 116 ||| INVOKING Spit Poison.
   122 | D:1      | 122 ||| INVOKING Spit Poison.
   123 | D:1      | 123 ||| INVOKING Spit Poison.
   161 | D:1      | 161 ||| INVOKING Spit Poison.
   172 | D:1      | 172 ||| INVOKING Spit Poison.
   188 | D:1      | Found a faded altar of an unknown god.
   213 | D:1      | 213 ||| INVOKING Spit Poison.
   218 | D:1      | 218 ||| INVOKING Spit Poison.
   305 | D:1      | 305 ||| INVOKING Spit Poison.
   310 | D:1      | Reached XP level 3. HP: 32/32 MP: 3/3
   312 | D:1      | 312 ||| INVOKING Spit Poison.
   394 | D:1      | 394 ||| INVOKING Spit Poison.
   406 | D:1      | 406 ||| INVOKING Spit Poison.
   420 | D:1      | 420 ||| UPGRADING to amulet of regeneration.
   425 | D:1      | 425 ||| READING scroll labelled TOUTSA OTUUS.
   426 | D:1      | 426 ||| READING 3 scrolls labelled POCZAE PEIZXYGG.
   427 | D:1      | 427 ||| READING scroll labelled ELILYUHUDGH.
   428 | D:1      | 428 ||| READING scroll labelled LASETIB VAOCH.
   429 | D:1      | 429 ||| READING scroll labelled CET MIESIAVU.
   430 | D:1      | 430 ||| DRINKING 2 grey potions.
   465 | D:1      | 465 ||| DRINKING 3 bubbling amethyst potions.
   466 | D:1      | 466 ||| DROPPING scroll of butterflies.
   467 | D:1      | 467 ||| DROPPING potion of lignification.
   468 | D:1      | 468 ||| DROPPING 2 scrolls of immolation.
   504 | D:2      | 504 ||| INVOKING Spit Poison.
   508 | D:2      | 508 ||| INVOKING Spit Poison.
   512 | D:2      | Found Gazocoisch's Antique Weapon Boutique.
   531 | D:2      | 531 ||| INVOKING Spit Poison.
   599 | D:2      | 599 ||| INVOKING Spit Poison.
   652 | D:2      | 652 ||| INVOKING Spit Poison.
   657 | D:2      | 657 ||| INVOKING Spit Poison.
   683 | D:2      | 683 ||| INVOKING Spit Poison.
   717 | D:2      | Noticed Natasha
   721 | D:2      | 721 ||| INVOKING Spit Poison.
   723 | D:2      | Killed Natasha
   724 | D:2      | Reached skill level 5 in Ranged Weapons
   724 | D:2      | Reached XP level 4. HP: 35/39 MP: 4/4
   729 | D:2      | 729 ||| INVOKING Spit Poison.
   744 | D:2      | 744 ||| INVOKING Spit Poison.
   756 | D:2      | 756 ||| INVOKING Spit Poison.
   788 | D:2      | 788 ||| INVOKING Spit Poison.
   793 | D:2      | 793 ||| INVOKING Spit Poison.
   832 | D:2      | 832 ||| INVOKING Spit Poison.
   882 | D:2      | 882 ||| INVOKING Spit Poison.
   902 | D:2      | 902 ||| INVOKING Spit Poison.
   908 | D:2      | Reached skill level 3 in Fighting
   908 | D:2      | 908 ||| INVOKING Spit Poison.
   909 | D:2      | Reached XP level 5. HP: 42/49 MP: 5/5
   909 | D:2      | 909 ||| FLEEEEING.
   916 | D:2      | 916 ||| INVOKING Spit Poison.
   923 | D:2      | 923 ||| INVOKING Spit Poison.
   948 | D:2      | 948 ||| INVOKING Spit Poison.
   952 | D:2      | 952 ||| INVOKING Spit Poison.
   957 | D:2      | 957 ||| INVOKING Spit Poison.
   961 | D:2      | 961 ||| INVOKING Spit Poison.
   984 | D:2      | 984 ||| INVOKING Spit Poison.
  1120 | D:2      | Noticed Natasha
  1121 | D:2      | 1121 ||| INVOKING Spit Poison.
  1124 | D:2      | Killed Natasha
  1173 | D:2      | 1173 ||| READING scroll labelled TESICS QEBBAT.
  1174 | D:2      | 1174 ||| READING scroll labelled ZUAWAR MEOSMI.
  1175 | D:2      | 1175 ||| READING scroll labelled GUUGOH QYCRUUT.
  1175 | D:2      | Identified a scroll of acquirement
  1175 | D:2      | 1175 ||| ACQUIRING +0 arbalest of draining
  1175 | D:2      | Acquired a +0 arbalest of draining
  1177 | D:2      | 1177 ||| SWAPPING to +0 arbalest of draining.
  1178 | D:2      | 1178 ||| DROPPING +1 shortbow of freezing.
  1179 | D:2      | 1179 ||| READING scroll labelled SAIWEQ EMNYDO.
  1259 | D:3      | 1259 ||| INVOKING Spit Poison.
  1264 | D:3      | 1264 ||| INVOKING Spit Poison.
  1354 | D:3      | Found Hunamn's Armour Shop.
  1361 | D:3      | Found Rouffuag's Armour Shop.
  1366 | D:3      | 1366 ||| SHOPLISTING +1 leather armour of the Distant
                  | Future {-Cast rElec rPois Dex+3} (245 gold, have 89).
  1366 | D:3      | 1366 ||| SHOPLISTING +2 helmet of intelligence (215 gold,
                  | have 89).
  1366 | D:3      | 1366 ||| SHOPLISTING +2 leather armour of fire resistance
                  | (190 gold, have 89).
  1366 | D:3      | 1366 ||| SHOPLISTING +4 pair of gloves of Cocytus {Harm rF+
                  | Str+3} (448 gold, have 89).
  1411 | D:3      | 1411 ||| INVOKING Spit Poison.
  1418 | D:3      | 1418 ||| INVOKING Spit Poison.
  1436 | D:3      | Found Fuplivimm's Antique Weapon Shop.
  1461 | D:3      | 1461 ||| INVOKING Spit Poison.
  1482 | D:3      | Found Mapippogh's Jewellery Shoppe.
  1488 | D:3      | 1488 ||| SHOPLISTING +4 ring of slaying (1014 gold, have
                  | 106).
  1488 | D:3      | 1488 ||| SHOPLISTING amulet of reflection (390 gold, have
                  | 106).
  1488 | D:3      | 1488 ||| SHOPLISTING ring "Poisi" {rCorr Str-4 Dex+9 SInv}
                  | (542 gold, have 106).
  1488 | D:3      | 1488 ||| SHOPLISTING ring of Asynol {rPois rN+ Will++
                  | Int+6} (850 gold, have 106).
  1488 | D:3      | 1488 ||| SHOPLISTING ring of Wu Jian's Benevolence {rF+
                  | MP+9 Int-4 Dex+2 SInv} (442 gold, have 106).
  1488 | D:3      | 1488 ||| SHOPLISTING ring of ice (325 gold, have 106).
  1494 | D:3      | Noticed Terence
  1495 | D:3      | 1495 ||| INVOKING Spit Poison.
  1499 | D:3      | 1499 ||| INVOKING Spit Poison.
  1504 | D:3      | 1504 ||| INVOKING Spit Poison.
  1506 | D:3      | Killed Terence
  1507 | D:3      | Reached skill level 6 in Ranged Weapons
  1507 | D:3      | Reached XP level 6. HP: 47/56 MP: 6/6
  1583 | D:3      | 1583 ||| INVOKING Spit Poison.
  1675 | D:3      | Found a snail-covered altar of Cheibriados.
  1678 | D:3      | Found a burning altar of Makhleb.
  1680 | D:3      | Found a blossoming altar of Fedhas.
  1687 | D:3      | Found a bloodstained altar of Trog.
  1689 | D:3      | Found a shadowy altar of Dithmenos.
  1867 | D:3      | 1867 ||| SHOPLISTING +0 barding (299 gold, have 140).
  1867 | D:3      | 1867 ||| SHOPLISTING +1 leather armour of fire resistance
                  | (182 gold, have 140).
  1981 | D:3      | 1981 ||| INVOKING Spit Poison.
  2029 | D:3      | 2029 ||| READING scroll labelled OCADUXZ LIROA.
  2030 | D:3      | 2030 ||| READING scroll labelled IMUEJI APLASAPH.
  2033 | D:3      | 2033 ||| READING 2 scrolls of identify.
  2033 | D:3      | 2033 ||| IDENTIFYING murky puce potion
  2126 | D:4      | 2126 ||| INVOKING Spit Poison.
  2129 | D:4      | 2129 ||| INVOKING Spit Poison.
  2141 | D:4      | Noticed a black bear
  2143 | D:4      | 2143 ||| INVOKING Spit Poison.
  2146 | D:4      | 2146 ||| INVOKING Spit Poison.
  2147 | D:4      | Killed a black bear
  2178 | D:4      | 2178 ||| INVOKING Spit Poison.
  2200 | D:4      | 2200 ||| INVOKING Spit Poison.
  2202 | D:4      | Reached XP level 7. HP: 66/66 MP: 7/7
  2210 | D:4      | 2210 ||| INVOKING Spit Poison.
  2260 | D:4      | 2260 ||| INVOKING Spit Poison.
  2283 | D:4      | Found a white marble altar of Elyvilon.
  2370 | D:4      | 2370 ||| INVOKING Spit Poison.
  2473 | D:4      | 2473 ||| UPGRADING to +0 cloak.
  2478 | D:4      | 2478 ||| DRINKING 2 emerald potions.
  2583 | D:4      | 2583 ||| DRINKING 2 orange potions.
  2584 | D:4      | 2584 ||| READING 2 scrolls of identify.
  2584 | D:4      | 2584 ||| IDENTIFYING bubbling pink potion
  2585 | D:4      | 2585 ||| DROPPING potion of degeneration.
  2586 | D:4      | 2586 ||| DROPPING potion of berserk rage.
  2606 | D:5      | Entered Level 5 of the Dungeon
  2629 | D:5      | 2629 ||| INVOKING Spit Poison.
  2868 | D:5      | 2868 ||| INVOKING Spit Poison.
  2872 | D:5      | 2872 ||| INVOKING Spit Poison.
  2940 | D:5      | 2940 ||| INVOKING Spit Poison.
  2950 | D:5      | 2950 ||| INVOKING Spit Poison.
  2954 | D:5      | 2954 ||| INVOKING Spit Poison.
  2957 | D:5      | 2957 ||| INVOKING Spit Poison.
  2958 | D:5      | HP: 8/66 [acid (10)]
  2959 | D:5      | 2959 ||| READING scroll of teleportation.
  2960 | D:5      | HP: 1/66 [acid (9)]
  2960 | D:5      | Slain by an orc priest

Levels and vault maps discovered:
D:1:      onia_arrival_pyramid, layout_rooms, basic_ecumenical_altar,
          minmay_heptomino_o4
D:2:      layout_loops_ring, serial_shops, shop, uniq_natasha
D:3:      layout_basic, minmay_overflow_temple_star_hex, serial_shops, shop,
          nicolae_shop_waterfront, shop, shop, serial_bayou,
          serial_bayou_ford_a, serial_bayou_lagoon_a, serial_bayou_shore_b,
          serial_bayou_pond_b, st_stairs_1, uniq_terence
D:4:      layout_rooms, mainiacjoe_overflow_surrounded_room
D:5:      layout_cave_pods, nicolae_overflow_hidden_temple

Skill      XL: |  1  2  3  4  5  6 |
---------------+-------------------+-----
Ranged Weapons | 4 5 6 |  6.9
Fighting       | 3 4 |  4.6
Dodging        | |  1.5
Stealth        | |  1.5

Action                     |  1- 3 |  4- 6 |  7- 9 || total
---------------------------+-------+-------+-------++-------
   Fire: Shortbow          |    48 |    49 |       ||    97
         Arbalest          |       |    31 |    26 ||    57
Ability: Spit Poison       |    21 |    33 |    10 ||    64
    Use: Scroll            |     5 |     7 |     2 ||    14
         Potion            |     2 |       |     2 ||     4
 Armour: Leather armour    |       |     9 |     5 ||    14
  Dodge: Dodged            |     3 |    20 |    10 ||    33

Table legend:
 A = Non-vault XP
 B = Vault XP
 C = Vault XP percentage of total XP
 D = Non-vault monster count
 E = Vault monster count
 F = Vault count percentage of total count
                 A         B        C        D         E       F
            +---------+---------+-------+---------+---------+-------
      Total |     746 |      96 |  11.4 |      74 |      10 |  11.9
            +---------+---------+-------+---------+---------+-------
        D:1 |      32 |       6 |  15.8 |      22 |       4 |  15.4
        D:2 |     173 |      37 |  17.6 |      24 |       1 |   4.0
        D:3 |      39 |      53 |  57.6 |       9 |       5 |  35.7
        D:4 |     342 |       0 |   0.0 |      13 |       0 |   0.0
        D:5 |     160 |       0 |   0.0 |       6 |       0 |   0.0
            +---------+---------+-------+---------+---------+-------
